 Dungeon Crawl Stone Soup version 0.26.0-10-g1f06aea511 (webtiles) character file.

Game seed: 13525525486742398161

10250 Borgoz the Carver (level 11, -2/95 HPs)
             Began as a Ghoul Gladiator on Jan 18, 2021.
             Was a High Priest of Okawaru.
             Slain by a wolf simulacrum (3 damage)
             ... in an ice cave.
             The game lasted 00:17:53 (12564 turns).

Borgoz the Carver (Ghoul Gladiator)                Turns: 12564, Time: 00:17:54

Health: -2/95      AC: 15    Str: 19    XL:     11   Next: 59%
Magic:  13/13      EV: 20    Int:  3    God:    Okawaru [*****.]
Gold:   599        SH: 10    Dex: 13    Spells: 10/10 levels left

rFire    + . .     SeeInvis .   a - +0 scimitar (flame)
rCold    + + .     Faith    .   p - +0 buckler
rNeg     + + +     Spirit   .   v - +0 acid dragon scales
rPois    ∞         Reflect  +   c - +1 helmet
rElec    .         Harm     .   m - +0 cloak
rCorr    +         Rampage  .   (no gloves)
Will     .....                  b - +0 pair of boots
Stlth    ++........             r - amulet of reflection
HPRegen  0.00/turn              q - ring of protection from cold
MPRegen  0.13/turn              u - ring of protection from fire

@: heroism
A: claws 1, cold resistance 1, negative energy resistance 3, inhibited
regeneration, torment resistance, unbreathing
a: Renounce Religion, Heroism, Finesse


You were in an ice cave.
You worshipped Okawaru.
Okawaru was extremely pleased with you.
You visited 2 branches of the dungeon, and saw 14 of its levels.
You also visited: Ice Cave.

You collected 659 gold pieces.
You spent 60 gold pieces at shops.

Inventory:

Hand Weapons
 a - a +0 scimitar of flaming (weapon)
Missiles
 x - 3 throwing nets (quivered)
Armour
 b - a +0 pair of boots (worn)
 c - a +1 helmet (worn)
 m - a +0 cloak (worn)
 p - a +0 buckler (worn)
 v - +0 acid dragon scales (worn)
Jewellery
 d - a +4 ring of protection {unknown}
 q - a ring of protection from cold (left claw)
 r - an amulet of reflection (around neck)
 u - a ring of protection from fire (right claw)
Wands
 k - a wand of iceblast (9)
 n - a wand of flame (31)
 t - a wand of acid (18)
 B - a wand of digging (4)
Scrolls
 e - 3 scrolls of blinking
 i - a scroll of magic mapping
 l - 5 scrolls of remove curse
 o - 3 scrolls of teleportation
 s - a scroll of brand weapon
 z - 3 scrolls of enchant weapon
 C - a scroll of fog
 D - a scroll of silence
Potions
 f - 2 potions of magic
 g - 2 potions of flight
 j - a potion of haste
 w - a potion of cancellation {unknown}
 A - a potion of brilliance


   Skills:
 * Level 8.3(13.3) Fighting
 * Level 9.0(14.0) Long Blades
 - Level 1.7(6.7) Throwing
 * Level 8.3(13.3) Armour
 * Level 8.6(13.6) Dodging
 - Level 5.0 Invocations


You had 10 spell levels left.
You didn't know any spells.
Your spell library contained the following spells:

 Spells                   Type           Power        Failure   Level
 Animate Skeleton         Necr           0%           58%         1
 Magic Dart               Conj           0%           58%         1
 Pain                     Necr           0%           58%         1
 Summon Small Mammal      Summ           0%           58%         1
 Blink                    Tloc           N/A          75%         2
 Call Imp                 Summ           0%           75%         2
 Slow                     Hex            0%           75%         2
 Call Canine Familiar     Summ           0%           92%         3
 Confusing Touch          Hex            0%           92%         3
 Conjure Flame            Conj/Fire      0%           92%         3
 Gell's Gravitas          Tloc           0%           92%         3
 Mephitic Cloud           Conj/Pois/Air  0%           92%         3
 Summon Guardian Golem    Hex/Summ       0%           92%         3
 Vampiric Draining        Necr           0%           92%         3
 Animate Dead             Necr           0%           100%        4
 Petrify                  Tmut/Erth      0%           100%        4
 Summon Ice Beast         Ice/Summ       0%           100%        4
 Summon Lightning Spire   Summ/Air       0%           100%        4
 Agony                    Necr           0%           100%        5
 Metabolic Englaciation   Hex/Ice        0%           100%        5
 Yara's Violent Unravell  Hex/Tmut       0%           100%        5
 Beastly Appendage        Tmut           Unusable     N/A         1
 Wereblood                Tmut           Unusable     N/A         2
 Spider Form              Tmut/Pois      Unusable     N/A         3
 Ice Form                 Ice/Tmut       Unusable     N/A         4
 Blade Hands              Tmut           Unusable     N/A         5

Dungeon Overview and Level Annotations

Branches:
Dungeon (13/15)            Temple (1/1) D:4            Lair (0/6) D:9
    Orc (0/2) D:10          IceCv (1/1)
 Vaults: D:13-14

Altars:
Ashenzari
Cheibriados
Dithmenos
Elyvilon
Fedhas
Gozag
Hepliaklqana
Kikubaaqudgha
Makhleb
Nemelex Xobeh
Okawaru
Qazlal
Ru
Sif Muna
Trog
Uskayaw
Vehumet
Wu Jian
Xom
Yredelemnul
Zin
The Shining One

Shops:
D:4 ?*   D:9 =


Innate Abilities, Weirdness & Mutations

You thrive by killing the living.
You are immune to poison.
You have sharp fingernails.
Your flesh is cold resistant. (rC+)
You are immune to negative energy. (rN+++)
You do not regenerate when monsters are visible.
You are immune to unholy pain and torment.
You can survive without breathing.


Message History

As you read the scroll of blinking, it crumbles to dust.
An orc comes into view. It is wielding a +0 mace.
The world spins around you as you enter the gateway.
You enter an ice cave! 4 simulacra come into view.
Found an ice covered gate leading back out of this place.
There is an ice choked empty arch of ancient stone here.
The ice encasing you melts away.
There are monsters nearby!
You hit the wolf simulacrum but do no damage.
The wolf simulacrum closely misses you.
You closely miss the wolf simulacrum. The wolf simulacrum closely misses you.
You barely miss the wolf simulacrum.
The wolf simulacrum bites you but does no damage.
You hit the wolf simulacrum.
You melt the wolf simulacrum.
The wolf simulacrum is heavily damaged.
The wolf simulacrum bites you.
* * * LOW HITPOINT WARNING * * *
The wolf simulacrum freezes you. You resist.
You die...

#### ##
##..##
##Z.##....##
#.....Z....#
.......∩.∩.#
..##....Z..#
###.Z.@##
##..## ####


You could see a wolf simulacrum, 2 death yak simulacra and a swamp dragon
simulacrum.

Vanquished Creatures
  Harold (D:11)
  Erica (D:8)
  A two-headed ogre (D:11)
  2 unseen horrors
  A rime drake (D:13)
  2 trolls
  A wyvern (D:10)
  10 yaks
  A wraith (D:12)
  An acid dragon (D:8)
  3 wargs (D:10)
  3 sky beasts
  2 orc warriors
  An ice beast (D:5)
  A phantom (D:10)
  A necrophage (D:7)
  7 ogres
  A centaur (D:6)
  A big kobold (D:9)
  9 bullfrogs
  A gnoll sergeant (D:10)
  A water moccasin zombie (D:11)
  4 scorpions
  6 killer bees (D:7)
  6 wights
  A howler monkey (D:4)
  4 centaur zombies
  A quasit (D:10)
  3 jellies
  2 bullfrog zombies
  4 orc priests
  3 bullfrog skeletons
  3 orc wizards
  5 hounds
  3 iguanas
  A killer bee zombie (D:6)
  10 worker ants
  A hound skeleton (D:5)
  Robin (D:2)
  A worker ant zombie (D:10)
  9 gnolls
  A howler monkey skeleton (D:4)
  14 adders
  4 shadow imps
  3 white imps
  2 ufetubi
  4 oozes
  3 adder skeletons (D:4)
  A dart slug (D:3)
  2 worms
  4 leopard geckos
  33 orcs
  7 giant cockroaches
  14 goblins
  9 hobgoblins
  4 jackals (D:2)
  13 kobolds
  A quokka (D:2)
  A ball python (D:4)
  7 bats
  7 frilled lizards
  2 quokka zombies
  2 rats
258 creatures vanquished.

Vanquished Creatures (others)
  An unseen horror (D:10)
  A centaur (D:10)
  A bullfrog (D:10)
  A gnoll shaman (D:10)
  An iguana (D:10)
5 creatures vanquished.

Grand Total: 263 creatures vanquished

Notes
Turn   | Place    | Note
-------+----------+-------------------------------------------
     0 | D:1      | Borgoz the Ghoul Gladiator began the quest for the Orb.
     0 | D:1      | Reached XP level 1. HP: 17/17 MP: 0/0
   116 | D:1      | Reached XP level 2. HP: 17/24 MP: 1/1
   663 | D:1      | Reached skill level 3 in Long Blades
   771 | D:1      | Reached skill level 1 in Armour
   771 | D:1      | Reached XP level 3. HP: 14/30 MP: 2/2
  1520 | D:2      | Reached XP level 4. HP: 37/37 MP: 3/3
  1605 | D:2      | Noticed Robin
  1637 | D:2      | Killed Robin
  1839 | D:2      | Found an opulent altar of Gozag.
  2400 | D:2      | Reached XP level 5. HP: 43/45 MP: 4/4
  3223 | D:3      | Found a radiant altar of Vehumet.
  3223 | D:3      | Found a white marble altar of Elyvilon.
  3534 | D:4      | Noticed an ogre
  3538 | D:4      | Reached skill level 4 in Long Blades
  3545 | D:4      | Reached XP level 6. HP: 21/51 MP: 5/5
  3829 | D:4      | Found a staircase to the Ecumenical Temple.
  3852 | Temple   | Entered the Ecumenical Temple
  4029 | Temple   | Became a worshipper of Warmaster Okawaru
  4094 | D:4      | Reached skill level 1 in Invocations
  4255 | D:4      | Reached XP level 7. HP: 55/57 MP: 6/8
  4318 | D:4      | Reached * piety under Okawaru
  4520 | D:4      | Found Zin's Purification Station.
  4523 | D:4      | Found a glowing silver altar of Zin.
  4584 | D:4      | Found Voibacla's Magic Scroll Shoppe.
  4606 | D:4      | Bought a scroll of identify for 24 gold pieces
  4606 | D:4      | Bought a scroll of teleportation for 36 gold pieces
  4734 | D:4      | Reached skill level 5 in Invocations
  4884 | D:4      | HP: 1/57 [ogre/+0 giant club (24)]
  5226 | D:4      | Found a sacrificial altar of Ru.
  5342 | D:5      | Entered Level 5 of the Dungeon
  5342 | D:5      | Found a basalt altar of Yredelemnul.
  5429 | D:5      | Reached XP level 8. HP: 40/66 MP: 10/10
  5699 | D:5      | Found an ornate altar of the Wu Jian Council.
  5699 | D:5      | Found a bloodstained altar of Trog.
  5699 | D:5      | Found a blossoming altar of Fedhas.
  5806 | D:5      | Reached skill level 5 in Long Blades
  5872 | D:5      | Found a hide-covered altar of Uskayaw.
  6292 | D:6      | Reached ** piety under Okawaru
  6640 | D:6      | Reached skill level 5 in Dodging
  6696 | D:6      | Reached XP level 9. HP: 35/72 MP: 11/11
  7402 | D:7      | Reached skill level 6 in Long Blades
  7402 | D:7      | Reached skill level 5 in Armour
  7549 | D:7      | Reached skill level 5 in Fighting
  8268 | D:7      | Found a sparkling altar of Nemelex Xobeh.
  8405 | D:7      | Found a shadowy altar of Dithmenos.
  8412 | D:7      | Found a hazy altar of Hepliaklqana.
  8528 | D:8      | Noticed Erica
  8546 | D:8      | Paralysed by something for 5 turns
  8571 | D:8      | Killed Erica
  8571 | D:8      | Reached *** piety under Okawaru
  8692 | D:8      | Reached skill level 7 in Long Blades
  8746 | D:8      | Reached XP level 10. HP: 73/83 MP: 12/12
  8963 | D:8      | Found a burning altar of Makhleb.
  8963 | D:8      | Noticed a blizzard demon
  9254 | D:9      | Reached **** piety under Okawaru
  9269 | D:9      | Found a staircase to the Lair.
  9296 | D:9      | Found Quocvi's Jewellery Emporium.
  9459 | D:9      | Found a hide-covered altar of Uskayaw.
  9870 | D:10     | Entered Level 10 of the Dungeon
 10011 | D:10     | Reached ***** piety under Okawaru
 10698 | D:10     | Killed an unseen horror
 10698 | D:10     | Received a gift from Okawaru
 10699 | D:10     | Reached skill level 8 in Long Blades
 10823 | D:10     | Killed an unseen horror
 10899 | D:10     | Found a staircase to the Orcish Mines.
 11111 | D:10     | Found a shimmering altar of Xom.
 11124 | D:10     | Found a shimmering blue altar of Sif Muna.
 11419 | D:10     | Reached XP level 11. HP: 92/92 MP: 13/13
 11664 | D:11     | Noticed Harold
 11680 | D:11     | Killed Harold
 11773 | D:11     | Killed an unseen horror
 12176 | D:11     | Noticed a two-headed ogre
 12184 | D:11     | Killed a two-headed ogre
 12456 | D:11     | You fall into a shaft and drop 1 floor!
 12507 | D:12     | Found a frozen archway.
 12516 | D:13     | Received a gift from Okawaru
 12521 | D:13     | Reached skill level 9 in Long Blades
 12527 | D:13     | Noticed a manticore
 12554 | D:12     | HP: 3/95 [rime drake/flash freeze (18)]
 12557 | IceCv    | Entered an ice cave
 12564 | IceCv    | HP: 1/95 [wolf simulacrum (2)]
 12564 | IceCv    | Slain by a wolf simulacrum

Illustrated notes

Levels and vault maps discovered:
D:1:      nicolae_arrival_somewhat_less_tricky_arrival, layout_basic
D:2:      layout_loops_corners, lemuel_round_altar, uniq_robin
D:3:      layout_basic, gammafunk_temple_overflow_elements
D:4:      cheibrodos_barr_body, layout_loops_cross, zin_purify,
          minmay_temple_entry_hall, serial_shops, shop,
          nicolae_ru_the_path_less_chosen
D:5:      layout_loops_cross, gammafunk_temple_overflow_claw,
          lemuel_crystal_altar, basic_altar
D:6:      layout_loops_ring
D:7:      layout_gridville, riverfiend_overflow_shadow_ancestor,
          lemuel_round_altar
D:8:      layout_cave_pools, makhleb_altar_promises_db, uniq_erica
D:9:      layout_irregular_city, lair_entry_dummy, serial_shops, shop,
          basic_altar
D:10:     layout_basic, minmay_orc_entry_guard_dogs, basic_altar,
          xom_confusion_cloud
D:11:     layout_loops_ring, gammafunk_ghost_necromancy, uniq_harold
D:12:     minmay_bad_star, layout_irregular_city, portal_ice_cave_rime
D:13:     layout_rooms, basic_altar, uniq_rupert
Temple:   chequers_temple_sunken
IceCv:    ice_cave_small_necro

Skill      XL: |  1  2  3  4  5  6  7  8  9 10 11 |
---------------+----------------------------------+-----
Long Blades    | 3 4 5 7 8 9 |  9.0
Armour         | 1 2 3 4 6 7 8 |  8.3
Dodging        | 3 4 5 6 7 8 |  8.6
Fighting       | 3 4 5 7 8 |  8.3
Invocations    | 3 5 |  5.0
Throwing       | |  1.7

Action                   |  1- 3 |  4- 6 |  7- 9 | 10-12 || total
-------------------------+-------+-------+-------+-------++-------
Melee: Long sword        |   102 |   179 |   392 |       ||   673
       Scimitar          |       |       |    17 |   428 ||   445
Throw: Throwing net      |       |     2 |     2 |       ||     4
Invok: Heroism           |       |       |     2 |     2 ||     4
Evoke: Wand              |       |       |     1 |       ||     1
  Use: Potion            |       |     5 |     3 |     5 ||    13
       Scroll            |       |       |    16 |    11 ||    27
 Stab: Held in net/web   |       |     2 |       |       ||     2
Armor: Leather armour    |    27 |    44 |       |       ||    71
       Ring mail         |       |    30 |   124 |       ||   154
       Acid dragon scale |       |       |       |   157 ||   157
Dodge: Dodged            |    76 |   104 |   254 |   308 ||   742
Block: Buckler           |       |    35 |   196 |   208 ||   439
       Reflection        |       |       |     2 |     6 ||     8
       Rpst.: Long sword |    25 |    37 |    79 |       ||   141
       Scimitar          |       |       |     4 |    78 ||    82
